 Dungeon Crawl Stone Soup version 0.30-a0-718-geaa24f58ff (webtiles) character file.

Game seed: 14594700831268997723

117 ASSMAN the Magician (level 4, -8/21 (24) HPs)
             Began as a Deep Elf Hedge Wizard on Jan 25, 2023.
             Mangled by Crazy Yiuf
             ... wielding a +2 quarterstaff of chaos
              (10 damage)
             ... on level 2 of the Dungeon.
             The game lasted 00:05:44 (3432 turns).

ASSMAN the Magician (Deep Elf Hedge Wizard)         Turns: 3432, Time: 00:05:45

HP:   -8/21 (24)    AC:  2    Str:  7    XL:     4   Next: 71%
MP:   3/14          EV: 12    Int: 21    God:
Gold: 77            SH:  0    Dex: 14    Spells: 4/15 levels left

rFire   . . .      SeeInvis .    a - +0 dagger
rCold   . . .      Faith    .    (no shield)
rNeg    . . .      Spirit   .    b - +0 robe
rPois   .          Reflect  .    c - +0 hat
rElec   .          Harm     .    (no cloak)
rCorr   .          Rampage  .    (no gloves)
Will    .....                    (no boots)
Stlth   +++                      f - amulet of regeneration
HPRegen 1.03/turn                (no ring)
MPRegen 0.14/turn                (no ring)

@: very slightly contaminated, heavily drained
A: no striking features
a: no special abilities


You were on level 2 of the Dungeon.
You visited 1 branch of the dungeon, and saw 2 of its levels.

You collected 77 gold pieces.

Inventory:

Hand Weapons
 a - a +0 dagger (weapon)
Armour
 b - a +0 robe (worn)
 c - a +0 hat (worn)
Jewellery
 f - an amulet of regeneration (around neck)
 h - an amulet of faith
Scrolls
 i - 3 scrolls of identify {unknown}
 k - 3 scrolls of teleportation {unknown}
Potions
 d - 2 potions of magic
 e - a potion of flight {unknown}
 g - 2 potions of lignification {unknown}
 j - a potion of brilliance {unknown}
 l - a potion of heal wounds {unknown}
 m - a potion of curing {unknown}


   Skills:
 - Level 2.4 Dodging
 + Level 4.9 Stealth
 + Level 6.1 Spellcasting
 - Level 1.1 Conjurations
 - Level 1.1 Summonings
 - Level 1.1 Translocations


You had 4 spell levels left.
You knew the following spells:

 Your Spells              Type           Power      Damage    Failure   Level
a - Magic Dart            Conj           44%        1d5       6%          1
b - Blink                 Tloc           22%        N/A       10%         2
c - Call Imp              Summ           11%        N/A       10%         2
d - Mephitic Cloud        Conj/Pois/Air  8%         N/A       26%         3
e - Cigotuvi's Dreadful   Necr/Pois/Air  12%        N/A       14%         2
f - Slow                  Hex            24%        N/A       10%         1

Your spell library contained the following spells:

 Spells                   Type           Power      Damage    Failure   Level


Dungeon Overview and Level Annotations

Branches:
Dungeon (2/15)

Altars:

Shops:
D:2 (

Annotations:
D:2 Crazy Yiuf


Message History

Crazy Yiuf grits, "Earwax!
Lay light koolooloo."
Crazy Yiuf completely misses your crimson imp.
Your crimson imp hits Crazy Yiuf but does no damage.
Crazy Yiuf says, "Key blue leg!"
Crazy Yiuf hits your crimson imp with a +2 quarterstaff of chaos!
Your crimson imp goes berserk!
Your crimson imp hits Crazy Yiuf.
Your crimson imp closely misses Crazy Yiuf.
Your crimson imp hits Crazy Yiuf.
Your crimson imp hits Crazy Yiuf but does no damage.
Your crimson imp hits Crazy Yiuf.
Casting: Call Imp (safe; 10% risk of failure)
Confirm with . or Enter, or press ? or * to list all spells.
Aiming: Magic Dart (safe; 6% risk of failure)
Press: ? - help, Shift-Dir - straight line, f/p - Crazy Yiuf
Aim: Crazy Yiuf, wielding a +2 quarterstaff of chaos and wearing a +1 cloak of stealth (heavily wounded, ally target, 100% to hit)
The magic dart hits Crazy Yiuf but does no damage.
Crazy Yiuf is heavily wounded.
Casting: Magic Dart (safe; 6% risk of failure)
Confirm with . or Enter, or press ? or * to list all spells.
Aiming: Magic Dart (safe; 6% risk of failure)
Press: ? - help, Shift-Dir - straight line, f/p - Crazy Yiuf
Aim: Crazy Yiuf, wielding a +2 quarterstaff of chaos and wearing a +1 cloak of stealth (heavily wounded, ally target, 100% to hit)
The magic dart hits Crazy Yiuf but does no damage.
Crazy Yiuf is heavily wounded.
Your crimson imp hits Crazy Yiuf.
Your crimson imp rages.
Crazy Yiuf laughs, "Ghoul!"
Crazy Yiuf hits you with a +2 quarterstaff of chaos!
Ouch! That really hurt!
Crazy Yiuf burns you!
* * * LOW HITPOINT WARNING * * *
Your crimson imp hits Crazy Yiuf.
Casting: Magic Dart (safe; 6% risk of failure)
Confirm with . or Enter, or press ? or * to list all spells.
You miscast Blink.
You are very lightly contaminated with residual magic.
Nothing appears to happen.
Your crimson imp hits Crazy Yiuf.
Crazy Yiuf hits you with a +2 quarterstaff of chaos!
You die...

.# #.# ♣♣.♣
#..#......#
.# #.# ♣.♣♣
##.........
.# ##.#
♣♣.♣♣
#...#..#..
.########..#
♣...♣♣
#.........
........†∩.#
♣....♣
#.........
#########..#
##..##
###.......
##.###.5..#
########
##.###g..#
#.....@.#
#########


You could see Crazy Yiuf (ally target) and a friendly crimson imp (summoned,
berserk).

Vanquished Creatures
  Robin (D:2)
  3 adders (D:2)
  A worm (D:2)
  A dart slug (D:2)
  2 ball pythons (D:1)
  7 bats
  5 endoplasms
  3 giant cockroaches (D:1)
  7 hobgoblins
  2 jackals (D:2)
  2 quokkas (D:1)
  3 frilled lizards
  9 goblins
  3 kobolds
  2 rats
51 creatures vanquished.

Vanquished Creatures (collateral kills)
  An adder (D:2)
  2 worms (D:2)
  A hobgoblin (D:1)
  A rat (D:2)
5 creatures vanquished.

Grand Total: 56 creatures vanquished

Notes
Turn   | Place    | Note
-------+----------+-------------------------------------------
     0 | D:1      | ASSMAN the Deep Elf Hedge Wizard began the quest for the
                  | Orb.
     0 | D:1      | Reached XP level 1. HP: 10/10 MP: 7/7
   328 | D:1      | Reached XP level 2. HP: 15/15 MP: 6/9
   674 | D:1      | Reached skill level 5 in Spellcasting
   802 | D:1      | Learned a level 2 spell: Blink
   805 | D:1      | Learned a level 2 spell: Call Imp
  1515 | D:2      | Noticed Robin
  1534 | D:1      | Reached XP level 3. HP: 19/19 MP: 0/11
  1750 | D:2      | Killed Robin
  2080 | D:2      | Reached XP level 4. HP: 24/24 MP: 5/13
  2683 | D:2      | Reached skill level 6 in Spellcasting
  3198 | D:2      | Found Heoleq's Weapon Shoppe.
  3222 | D:2      | Found a runed translucent door.
  3223 | D:2      | Noticed Crazy Yiuf
  3406 | D:2      | Learned a level 3 spell: Mephitic Cloud
  3409 | D:2      | Learned a level 2 spell: Cigotuvi's Dreadful Rot
  3411 | D:2      | Learned a level 1 spell: Slow
  3431 | D:2      | HP: 1/21 [Crazy Yiuf/+2 quarterstaff of chaos (7)]
  3432 | D:2      | Mangled by Crazy Yiuf

Illustrated notes

Levels and vault maps discovered:
D:1:      spicycebolla_arrival_ecumenical, layout_basic,
          chequers_serial_rivers_micro_a, minivault_24
D:2:      minmay_recursive_quarters, layout_loops_corners, serial_shops, shop,
          hangedman_glass_teeth, minmay_misc_feat_plants, hex_large,
          uniq_crazy_yiuf_cottage, uniq_robin

Skill      XL: |  1  2  3  4 |
---------------+-------------+-----
Stealth        | 3 4 |  4.9
Spellcasting   | 5 6 |  6.1
Dodging        | |  2.4
Conjurations   | |  1.1
Summonings     | |  1.1
Translocations | |  1.1

Action                     |  1- 3 |  4- 6 || total
---------------------------+-------+-------++-------
  Melee: Dagger            |    42 |     6 ||    48
   Cast: Magic Dart        |    95 |    45 ||   140
         Call Imp          |     5 |     4 ||     9
         Blink             |     3 |     1 ||     4
         Cigotuvi's Dreadf |       |     1 ||     1
 Armour: Robe              |     8 |     5 ||    13
  Dodge: Dodged            |    41 |     8 ||    49

Table legend: (Time is in decaauts)
 A = Elapsed time spent in this place.
 B = Non-inter-level travel time spent in this place.
 C = Inter-level travel time spent in this place.
 D = Time resting spent in this place.
 E = Time spent auto-exploring this place.
 F = Levels seen in this place.
 G = Mean time per level.
                   A        B        C        D        E       F      G
               +--------+--------+--------+--------+--------+-----+--------+
         Total |   3433 |   3386 |     47 |    188 |   2845 |   2 | 1716.5 |
       Dungeon |   3433 |   3386 |     47 |    188 |   2845 |   2 | 1716.5 |
               +--------+--------+--------+--------+--------+-----+--------+

Top non-repeatable levels by time:
     D:2: 1725 daAuts
     D:1: 1708 daAuts
